 Dungeon Crawl Stone Soup version 0.26.1-11-gd32895ea62 (webtiles) character file.

Game seed: 2525461352360865883

2458 mankey1987 the Slasher (level 9, 0/70 HPs)
             Began as a Demonspawn Fighter on May 28, 2021.
             Was a Priest of Okawaru.
             Slain by a two-headed ogre
             ... wielding a +0 giant club
              (20 damage)
             ... on level 8 of the Dungeon.
             The game lasted 00:11:18 (9431 turns).

mankey1987 the Slasher (Demonspawn Fighter)         Turns: 9431, Time: 00:11:18

Health: 0/70       AC: 13    Str: 19    XL:     9   Next: 26%
Magic:  9/9        EV:  5    Int: 11    God:    Okawaru [***...]
Gold:   150        SH: 10    Dex: 12    Spells: 8/8 levels left

rFire    + . .     SeeInvis .   a - +1 long sword
rCold    + . .     Faith    .   c - +0 kite shield
rNeg     . . .     Spirit   .   h - +0 chain mail
rPois    +         Reflect  .   (no helmet)
rElec    +         Harm     .   p - scarf {repulsion}
rCorr    +         Rampage  .   d - +1 pair of gloves
Will     .....                  (no boots)
Stlth    ..........             (no amulet)
HPRegen  0.21/turn              (no ring)
MPRegen  0.11/turn              (no ring)

@: lethally poisoned (0 -> -13), resistant, repel missiles
A: talons 1, foul stench 1, sense surroundings 1, screaming 1, wild magic 1,
miasma immunity, sharp scales 1
a: Renounce Religion, Heroism


You were on level 8 of the Dungeon.
You worshipped Okawaru.
Okawaru was most pleased with you.
You visited 1 branch of the dungeon, and saw 8 of its levels.
You also visited: Sewer and Ossuary.

You collected 384 gold pieces.
You spent 234 gold pieces at shops.

Inventory:

Hand Weapons
 a - a +1 long sword (weapon)
Armour
 c - a +0 kite shield (worn)
 d - a +1 pair of gloves (worn)
 h - a +0 chain mail (worn)
 p - a scarf of repulsion (worn)
 u - a +0 plate armour
Jewellery
 b - an uncursed ring of protection from fire {unknown}
 i - a cursed amulet of inaccuracy {unknown}
 v - an uncursed ring of protection from fire {unknown}
 x - a +6 ring of strength {unknown}
Wands
 t - a wand of digging (3)
 y - a wand of flame (26)
Scrolls
 g - 2 scrolls of immolation {unknown}
 j - 3 scrolls of random uselessness {unknown}
 k - a scroll of enchant armour {unknown}
 l - 2 scrolls of magic mapping {unknown}
 m - 4 scrolls of blinking {unknown}
 n - 2 scrolls of amnesia {unknown}
 q - 2 scrolls of fog {unknown}
 r - 4 scrolls of teleportation {unknown}
 s - 5 scrolls of identify {unknown}
 w - a scroll of enchant weapon
Potions
 f - 2 potions of magic
 o - a potion of curing


   Skills:
 + Level 6.3 Fighting
 * Level 7.4 Long Blades
 + Level 5.7 Armour
 + Level 5.8 Shields


You had 8 spell levels left.
You didn't know any spells.
Your spell library contained the following spells:

 Spells                   Type           Power        Failure   Level
 Corona                   Hex            0%           100%        1
 Ensorcelled Hibernation  Hex/Ice        0%           100%        2
 Confusing Touch          Hex            0%           100%        3
 Dazzling Flash           Conj/Hex       0%           100%        3
 Tukima's Dance           Hex            0%           100%        3


Dungeon Overview and Level Annotations

Branches:
Dungeon (8/15)             Temple (0/1) D:4           Sewer (visited)
Ossuary (visited)
   Lair: D:8-11

Altars:
Ashenzari
Dithmenos
Hepliaklqana
Okawaru
Wu Jian
Yredelemnul
The Shining One

Shops:
D:7 !:?


Innate Abilities, Weirdness & Mutations

You have sharp toenails.
You may emit foul miasma when damaged in melee.
You are immune to miasma.
You are partially covered in razor-sharp scales. (AC +1, Slay +1)
You passively map a small area around you.
You occasionally shout uncontrollably at your foes.
Your spells are a little harder to cast, but a little more powerful.


Message History

Something smites you!
Found a scroll labelled FUEPSI MOECIRENEW.
The meliai calls down the wrath of its god upon you.
Something smites you! The meliai hits you but does no damage.
The meliai looks sick.
The meliai stings you but does no damage.
The meliai completely misses you.
The meliai stings you but does no damage.
You hit the meliai. Your kick misses the meliai.
The meliai is moderately wounded.
You block the meliai's attack. x3; The meliai stings you.
* * * LOW HITPOINT WARNING * * *
You are poisoned.
The meliai poisons you!
You emit a cloud of foul miasma!
You slash the meliai! Your kick misses the meliai.
The meliai is heavily wounded.
You feel sick.
The meliai is engulfed in dark miasma.
The meliai is poisoned.
You block the meliai's attack. x2
The two-headed ogre hits you with a +0 giant club!!
You die...

#..#ZZ......
#..
#..#..#.....
#.. +..##..
#### ,##..
*#...#..#
#...
##...#..#* ,
#...
#....#..# *,
#...
#Zh.##..# *
##..


#OyZ# ,#.. #.@.# ,,, , #.. #..## ,, * , ,##. #..#,* ,* * #. #.?# * , #. #...,, *
.. #### * * * ## You could see a two-headed ogre (sick), a meliai (poisoned,
sick), a hound, a wyvern zombie and a bullfrog skeleton.

Vanquished Creatures
  Grinder (D:5)
  Purgy (Sewer)
  An ice beast (D:7)
  2 orc warriors (D:7)
  A phantom (D:7)
  4 centaurs
  3 ogres
  4 scorpions
  A wight (D:3)
  8 centaur zombies (Ossuary)
  4 hounds
  An orc priest (D:7)
  2 iguanas
  2 orc wizards
  4 worker ants
  A killer bee zombie (D:6)
  A big kobold zombie (Ossuary)
  6 mummies (Ossuary)
  2 hound skeletons (D:6)
  A worker ant zombie (D:6)
  9 adders
  A howler monkey skeleton (D:5)
  A river rat (D:5)
  2 ufetubi
  3 oozes
  An adder zombie (D:7)
  An adder skeleton (D:7)
  5 worms
  A dart slug (D:2)
  5 leopard geckos
  16 orcs
  2 ball pythons
  7 bats
  9 giant cockroaches
  4 goblins
  7 hobgoblins
  7 jackals
  3 quokkas
  4 frilled lizards
  2 hobgoblin zombies (Ossuary)
  6 kobolds
  A quokka skeleton (D:7)
  8 rats
155 creatures vanquished.

Notes
Turn   | Place    | Note
-------+----------+-------------------------------------------
     0 | D:1      | mankey1987 the Demonspawn Fighter began the quest for the
                  | Orb.
     0 | D:1      | Reached XP level 1. HP: 18/18 MP: 1/1
   171 | D:1      | Reached skill level 2 in Long Blades
   172 | D:1      | Gained mutation: You are immune to miasma. [demonic
                  | ancestry]
   172 | D:1      | Reached XP level 2. HP: 20/24 MP: 2/2
   953 | D:2      | Found a broken altar of Ashenzari.
  1054 | D:2      | Reached XP level 3. HP: 9/29 MP: 3/3
  1789 | D:2      | Reached XP level 4. HP: 29/35 MP: 4/4
  1796 | D:2      | Found a shadowy altar of Dithmenos.
  2271 | D:2      | Found a glowing golden altar of the Shining One.
  2632 | D:3      | Reached skill level 3 in Long Blades
  2789 | D:3      | Found an iron altar of Okawaru.
  2834 | D:3      | Became a worshipper of Warmaster Okawaru
  2942 | D:3      | Found a hazy altar of Hepliaklqana.
  3051 | D:3      | Reached XP level 5. HP: 18/40 MP: 5/5
  3965 | D:4      | Found a staircase to the Ecumenical Temple.
  4180 | D:4      | Reached XP level 6. HP: 44/48 MP: 6/6
  4221 | D:4      | Found a basalt altar of Yredelemnul.
  4226 | D:4      | Found an ornate altar of the Wu Jian Council.
  4564 | D:4      | Reached skill level 4 in Long Blades
  4657 | D:5      | Entered Level 5 of the Dungeon
  4675 | D:5      | Noticed Grinder
  4693 | D:5      | Paralysed by Grinder for 6 turns
  4707 | D:5      | Paralysed by Grinder for 3 turns
  4716 | D:5      | Paralysed by Grinder for 6 turns
  4730 | D:5      | Killed Grinder
  4730 | D:5      | Reached * piety under Okawaru
  4731 | D:5      | Gained mutation: You are partially covered in razor-sharp
                  | scales. (AC +1, Slay +1) [demonic ancestry]
  4731 | D:5      | Reached XP level 7. HP: 28/55 MP: 7/7
  5088 | D:5      | Found a glowing drain.
  5092 | Sewer    | Entered a sewer
  5153 | Sewer    | Noticed Purgy
  5169 | Sewer    | Killed Purgy
  5423 | D:5      | Reached ** piety under Okawaru
  5424 | D:5      | Reached skill level 5 in Long Blades
  6216 | D:6      | Reached skill level 5 in Fighting
  6542 | D:6      | Gained mutation: You have sharp toenails. [demonic
                  | ancestry]
  6542 | D:6      | Reached XP level 8. HP: 62/62 MP: 8/8
  6603 | D:6      | Found a sand-covered staircase.
  6609 | Ossuary  | Entered an ossuary
  6610 | Ossuary  | Gained mutation: You are strong-willed. (Will+) [potion of
                  | mutation]
  6610 | Ossuary  | Gained mutation: You are frail. (-10% HP) [potion of
                  | mutation]
  6610 | Ossuary  | Gained mutation: You have sharp fingernails. [potion of
                  | mutation]
  7069 | Ossuary  | Reached skill level 6 in Long Blades
  7112 | Ossuary  | Reached skill level 5 in Shields
  7418 | D:6      | Reached skill level 5 in Armour
  8281 | D:7      | Reached *** piety under Okawaru
  8404 | D:7      | Reached skill level 7 in Long Blades
  8404 | D:7      | Gained mutation: You may emit foul miasma when damaged in
                  | melee. [demonic ancestry]
  8404 | D:7      | Reached XP level 9. HP: 23/62 MP: 6/9
  8697 | D:7      | Found Jeizee's Magic Scroll Shoppe.
  8735 | D:7      | Found Viovel's Book Shoppe.
  8892 | D:7      | Found a basalt altar of Yredelemnul.
  8975 | D:7      | Found Asurphump's Distillery.
  8980 | D:7      | Bought a potion of mutation for 104 gold pieces
  8980 | D:7      | Bought a potion of heal wounds for 65 gold pieces
  8980 | D:7      | Bought a potion of heal wounds for 65 gold pieces
  8980 | D:7      | Lost mutation: You are frail. (-10% HP) [potion of
                  | mutation]
  8980 | D:7      | Lost mutation: You are strong-willed. (Will+) [potion of
                  | mutation]
  8980 | D:7      | Lost mutation: You have sharp fingernails. [potion of
                  | mutation]
  8980 | D:7      | Gained mutation: You occasionally shout uncontrollably at
                  | your foes. [potion of mutation]
  8980 | D:7      | Gained mutation: You passively map a small area around you.
                  | [potion of mutation]
  8980 | D:7      | Gained mutation: Your spells are a little harder to cast,
                  | but a little more powerful. [potion of mutation]
  9405 | D:8      | Noticed a two-headed ogre
  9410 | D:8      | Noticed a meliai
  9431 | D:8      | Slain by a two-headed ogre

Illustrated notes

Levels and vault maps discovered:
D:1:      wander_arrival_peaceful_grave, layout_loops_ring
D:2:      layout_basic, ashenzari_conservatory_becter, grunt_dithmenos_smoke,
          tso_oasis_becter
D:3:      layout_rooms, okawaru_metal_pillars_1_2, nzn_hepliaklqana_mist_gate,
          kennysheep_generic_room_7
D:4:      layout_basic, minitemple, minmay_temple_entry_statues_pillars
D:5:      layout_gridville, gup_sewer_entry_spiral, uniq_grinder
D:6:      layout_basic, nicolae_ossuary_entry_plus
D:7:      layout_basic, basic_altar, serial_shops, shop, shop, shop
D:8:      layout_basic, dpeg_lair_monsters, minmay_pinched_square

Skill      XL: |  1  2  3  4  5  6  7  8 |
---------------+-------------------------+-----
Long Blades    | 2 3 4 5 7 |  7.4
Armour         | 3 4 5 |  5.7
Shields        | 3 4 5 |  5.8
Fighting       | 4 5 6 |  6.3

Action                   |  1- 3 |  4- 6 |  7- 9 || total
-------------------------+-------+-------+-------++-------
Melee: Long sword        |   127 |   216 |   348 ||   691
       Kick              |       |       |    69 ||    69
Invok: Heroism           |       |       |     2 ||     2
  Use: Potion            |     1 |    13 |    16 ||    30
       Scroll            |     1 |       |       ||     1
 Stab: Invisible         |       |       |     5 ||     5
Armor: Scale mail        |    29 |       |       ||    29
       Chain mail        |    32 |   180 |   247 ||   459
Dodge: Dodged            |    28 |    53 |   109 ||   190
Block: Kite shield       |    66 |   144 |   195 ||   405
       Rpst.: Long sword |     7 |    18 |    32 ||    57
